[Event "Early-Titled-Tuesday-Blitz-August-29-2023"]
[Site "Chess.com"]
[Date "2023.08.29"]
[Round "8"]
[White "GasconJR"]
[Black "dosto07"]
[Result "1-0"]
[WhiteElo "2661"]
[BlackElo "2466"]
[TimeControl "180+1"]
[EndTime "9:27:06 PDT"]
[Termination "GasconJR won by resignation"]

1. Nf3 d5 2. g3 Nf6 3. Bg2 Bf5 4.
O-O e6 5. c4 c6 6. cxd5 exd5 7.
d3 Be7 8. Qb3 Qb6 9. Qc2 O-O 10.
Nc3 h6 11. e4 Bh7 12. Be3 Qa6 13. Rfe1 Nbd7 14. exd5 cxd5 15. Bxh6 Bxd3 16. Qd1 Bc5 17. Be3 Rfe8 18. Bxc5 Nxc5 19. Ne5 Be4 20. Nxe4 dxe4 21.
Ng4 Rad8 22. Nxf6+ Qxf6 23. Qc2 Nd3 24. Rxe4 Qxb2 25.
Qxb2 Nxb2 26. Rxe8+ Rxe8 27. Bxb7 Re2 28. Bd5 Rd2 29.
Bb3 a5 30. Rc1 a4 31. Rc8+ Kh7 32. Bxf7 Nd1 33. f4 Ne3 34. Be6 a3 35. Rc3 Rd1+ 36. Kf2 Rd6 37. Rxe3 Rd2+ 38. Re2 Rb2 39. Rxb2 axb2 40.
Bf5+ g6 41. Bb1 1-0

[Event "Early-Titled-Tuesday-Blitz-August-29-2023"]
[Site "Chess.com"]
[Date "2023.08.29"]
[Round "8"]
[White "ShiroglanTalibov"]
[Black "ArtemDyachuk"]
[Result "1-0"]
[WhiteElo "2823"]
[BlackElo "2608"]
[TimeControl "180+1"]
[EndTime "9:27:07 PDT"]
[Termination "ShiroglanTalibov won on time"]

1. Nf3 Nf6 2. g3 d6 3. Bg2 e5 4. O-O g6 5. d4 Nbd7 6. c4 Bg7 7. Nc3 c6 8. e4 O-O 9. Re1 Re8 10. h3 Qc7 11. Be3 Rb8 12. Qc2 a6 13. a4 b5 14.
dxe5 Nxe5 15. Nxe5 dxe5 16. cxb5 cxb5 17. axb5 axb5 18.
Rec1 Be6 19. Ra7 Qc6 20. Nd5 Qxc2 21. Rxc2 Ra8 22. Rcc7 Rxa7 23. Rxa7 Rd8 24. Bb6 Rb8 25. Bc7 Re8 26. Bd6 h6 27. Nc7 Rd8 28. Bxe5 Rd1+ 29. Kh2 Ng4+ 30. hxg4 Bxe5 31. Nxe6 fxe6 32. Rb7 Bxb2 33.
Rxb5 Bd4 34. f4 Rd3 35. Rb8+ Kg7 36. Rb7+ Kg8 37. Bf1 1-0

[Event "Early-Titled-Tuesday-Blitz-August-29-2023"]
[Site "Chess.com"]
[Date "2023.08.29"]
[Round "8"]
[White "albi1999"]
[Black "Alphafischer2019"]
[Result "1-0"]
[WhiteElo "2672"]
[BlackElo "2526"]
[TimeControl "180+1"]
[EndTime "9:27:08 PDT"]
[Termination "albi1999 won by resignation"]

1. d4 Nf6 2. Bg5 Ne4 3. Bf4 g6 4. Nd2 Nxd2 5. Qxd2 d5 6. O-O-O h6 7. h4 Bg7 8. f3 c6 9. e4 Qb6 10.
c3 Be6 11. Kb1 Nd7 12. Bd3 c5 13. exd5 Bxd5 14. c4 Be6 15. d5 Bf5 16. Bxf5 gxf5 17. Re1 Qf6 18. Ne2 O-O-O 19. Nc3 a6 20. Re2 Nb6 21.
Qd3 Rd7 22. h5 Rg8 23. Rd1 Bh8 24. Qe3 Kd8 25. Qxc5 Nc8 26. d6 e6 27. Qa5+ b6 28.
Qxa6 Qh4 29. Be3 Bxc3 30. bxc3 f4 31. Bxb6+ Nxb6 32. Qxb6+ Ke8 33. c5 Qd8 34. Qb5 Rg5 35. Rb2 Qc8 36. Qd3 Rf5 37. Qd4 e5 38. Qe4 Ra7 39. c6 Rg5 40. d7+ Rxd7 41. cxd7+ Qxd7 42. Rxd7 Kxd7 1-0

[Event "Early-Titled-Tuesday-Blitz-August-29-2023"]
[Site "Chess.com"]
[Date "2023.08.29"]
[Round "8"]
[White "Fleetw00dMac"]
[Black "nitpicker"]
[Result "1-0"]
[WhiteElo "2417"]
[BlackElo "2293"]
[TimeControl "180+1"]
[EndTime "9:27:08 PDT"]
[Termination "Fleetw00dMac won on time"]

1. d4 Nf6 2. c4 e6 3. Nc3 Bb4 4. Qc2 c5 5. dxc5 Bxc5 6. Nf3 Qb6 7. e3 Qc7 8. g4 h6 9. Rg1 a6 10. h4 b6 11. g5 hxg5 12. hxg5 Nh5 13. g6 f6 14. Be2 Bb7 15. Bd2 Nc6 16. a3 O-O-O 17. O-O-O Kb8 18. Rh1 f5 19. Ng5 Nf6 20. Nf7 Rxh1 21.
Rxh1 Rf8 22. Rg1 Ne5 23. Nxe5 Qxe5 24. Na4 Ka7 25. Nxc5 bxc5 26. Bc3 Qc7 27. f3 Qh2 28.
Rd1 Bc6 29. Qd2 Ne8 30. b4 Qg2 31. f4 Nf6 32. Bxf6 Rxf6 33. bxc5 Qxg6 34. Qa5 Qe8 35. Qb6+ Ka8 36. Kd2 Qc8 37. Rb1 Bb7 38. Rg1 g6 39. Rg3 Qc6 40. Rh3 Rf8 41. Rh7 Qxb6 42. cxb6 1-0

[Event "Early-Titled-Tuesday-Blitz-August-29-2023"]
[Site "Chess.com"]
[Date "2023.08.29"]
[Round "8"]
[White "parintele_chess"]
[Black "ElenaPershina"]
[Result "1-0"]
[WhiteElo "2231"]
[BlackElo "2362"]
[TimeControl "180+1"]
[EndTime "9:27:08 PDT"]
[Termination "parintele_chess won by resignation"]

1. d4 d5 2. Bf4 Nf6 3. Nf3 c5 4. e3 Nc6 5. Nbd2 Bg4 6. c3 e6 7.
Qb3 Qc8 8. Bb5 Be7 9. Ne5 O-O 10.
Bxc6 bxc6 11. Qa4 Re8 12. Qxc6 cxd4 13. Qxc8 Raxc8 14. exd4 Bf5 15. h3 Ne4 16. Nxe4 Bxe4 17. f3 Bc2 18. Rc1 Ba4 19. O-O f6 20. Nd3 Kf7 21.
Rfe1 g5 22. Bg3 h5 23. b4 Bb5 24. Nc5 Bxc5 25. bxc5 g4 26. hxg4 hxg4 27. Rb1 a6 28. Rb4 gxf3 29. gxf3 Rg8 30. Kf2 Kg6 31. a4 Bc4 32.
Rg1 Kf5 33. Rb6 e5 34. Bh4 Rxg1 35. Kxg1 Rg8+ 36. Kf2 Rg6 37. c6 Ke6 38. c7+ Kd7 39. Rc6 Kc8 40. dxe5 Rh6 41. Bxf6 Rh2+ 42. Kg3 Rh7 43.
Bd8 Rg7+ 44. Kf4 Rf7+ 45. Ke3 Rd7 46. e6 1-0

[Event "Early-Titled-Tuesday-Blitz-August-29-2023"]
[Site "Chess.com"]
[Date "2023.08.29"]
[Round "8"]
[White "FeketeBarika"]
[Black "tk22h"]
[Result "1-0"]
[WhiteElo "2359"]
[BlackElo "2414"]
[TimeControl "180+1"]
[EndTime "9:27:09 PDT"]
[Termination "FeketeBarika won by resignation"]

1. Nf3 Nf6 2. g3 d5 3. Bg2 g6 4.
c4 dxc4 5. Qa4+ Nfd7 6. O-O Bg7 7. Nc3 O-O 8. Qxc4 Nb6 9. Qh4 Nc6 10. d3 e5 11. Bg5 f6 12. Bh6 Ne7 13. Bxg7 Kxg7 14. g4 c6 15. Ne4 Nbd5 16. e3 h6 17. Qg3 Qc7 18. Rac1 Be6 19. Nc5 Bf7 20. h4 Rac8 21. a3 Rfd8 22. b4 b6 23. Ne4 Qd7 24. g5 f5 25.
Qxe5+ Kh7 26. Nf6+ Nxf6 27. Qxf6 Ng8 28. Qe5 Qxd3 29.
Nd4 Re8 30. Qf4 c5 31. Rcd1 Qxa3 32. Nxf5 gxf5 33. Qxf5+ Bg6 34. Rd7+ Re7 35. Rxe7+ Nxe7 36. Qf6 Re8 37. h5 Qa2 38. hxg6+ Nxg6 39. Rd1 Qe6 40. Qxe6 Rxe6 41. bxc5 hxg5 42. c6 Ne7 43. Rd7 Kg6 44.
c7 Nc8 45. Rd8 Ne7 46. Re8 Kf7 47. Rxe7+ Kxe7 48. c8=Q 1-0

[Event "Early-Titled-Tuesday-Blitz-August-29-2023"]
[Site "Chess.com"]
[Date "2023.08.29"]
[Round "8"]
[White "Witik"]
[Black "FREDERICKtheMATE"]
[Result "0-1"]
[WhiteElo "2783"]
[BlackElo "2508"]
[TimeControl "180+1"]
[EndTime "9:27:10 PDT"]
[Termination "FREDERICKtheMATE won on time"]

1. d4 c5 2. d5 e6 3. e4 exd5 4.
exd5 d6 5. Nc3 g6 6. Bb5+ Bd7 7. a4 a6 8. Bc4 Bg7 9. Bf4 Qe7+ 10. Qe2 Qxe2+ 11.
Ngxe2 Be5 12. Ne4 Bxf4 13. Nxf4 Ke7 14. O-O Nf6 15. Ng5 h6 16. Rfe1+ Kf8 17. Nge6+ fxe6 18. Nxg6+ Kg7 19. Nxh8 exd5 20. Bf1 Kxh8 21. Ra3 Nc6 22. Rb3 Nb4 23. Rf3 Rf8 24. c3 Nc6 25. b3 Ne5 26.
Rg3 Ne4 27. Rge3 Nxf2 28. h3 Ne4 29. c4 Nf6 30. cxd5 Nxd5 31. Rg3 Nf4 32. Rd1 Rf6 33. a5 Bc6 34. Kh2 Nh5 35. Rc3 Kg7 36. Be2 Nf4 37.
Rg3+ Kf7 38. Bf1 Neg6 39. Re3 Re6 40. Rg3 Nh4 41. Rg4 Nhxg2 42. Kg3 h5 43. Rxf4+ Nxf4 44. Kxf4 d5 45. Bg2 d4 46. Bxc6 Rxc6 47. Ke5 Kg6 48. Kd5 Kg5 49. Rg1+ Kh4 50. Rg7 d3 51. Kc4 Rd6 52. Rg1 d2 53. Rd1 Kxh3 54. Kxc5 Rd7 55.
b4 Kg2 0-1

[Event "Early-Titled-Tuesday-Blitz-August-29-2023"]
[Site "Chess.com"]
[Date "2023.08.29"]
[Round "8"]
[White "Preobrazhenska_D2011"]
[Black "jaskol95"]
[Result "0-1"]
[WhiteElo "2328"]
[BlackElo "2570"]
[TimeControl "180+1"]
[EndTime "9:27:13 PDT"]
[Termination "jaskol95 won by checkmate"]

1. e4 d5 2. exd5 Nf6 3. c4 e6 4. Nc3 exd5 5. cxd5 Nxd5 6. d4 Be6 7. Nf3 Bb4 8. Bd2 Nc6 9. Bd3 Be7 10. O-O O-O 11. Ne4 Bf5 12. a3 Bg6 13. Qc2 Nf6 14. Bc3 Re8 15. Nxf6+ Bxf6 16. Rad1 Qd5 17. Bxg6 hxg6 18. Rd2 Rad8 19. Rfd1 Re4 20. h3 Rde8 21. Qd3 g5 22. Qf1 g4 23. hxg4 Rxg4 24. Rd3 Qh5 25. g3 Rg6 26.
Qg2 Rh6 27. d5 Ne5 28. Nxe5 Bxe5 29. Bxe5 Rxe5 30. d6 cxd6 31. Rc1 Qe2 32. Rdd1 Reh5 33. Re1 Qxb2 34. Rc8+ Kh7 35. Qe4+ f5 36. Qg2 Rh2 37. Qf3 R2h5 38. Rf8 Qd2 39. Rf1 Qc2 40. Qxb7 Qd3 41. Qa8 Rh1+ 42. Qxh1 Rxh1+ 43. Kxh1 Qxf1+ 44. Kh2 Qxf2+ 45. Kh3 Qf3 46. Rd8 Qh1# 0-1

[Event "Early-Titled-Tuesday-Blitz-August-29-2023"]
[Site "Chess.com"]
[Date "2023.08.29"]
[Round "8"]
[White "Tsyhanchuk_Stanislav"]
[Black "EvgenyBurmakin"]
[Result "0-1"]
[WhiteElo "2424"]
[BlackElo "2302"]
[TimeControl "180+1"]
[EndTime "9:27:13 PDT"]
[Termination "EvgenyBurmakin won by resignation"]

1. c4 Nf6 2. Nc3 g6 3. e4 Bg7 4. e5 Ng8 5. d4 d6 6. f4 h5 7. Nf3 Nh6 8. d5 Bg4 9. h3 Bxf3 10. Qxf3 dxe5 11. fxe5 Bxe5 12. Bd3 Bg7 13. O-O O-O 14.
g4 hxg4 15. hxg4 Nd7 16. Bf4 e5 17. Be3 Qh4 18. Be2 f5 19. gxf5 gxf5 20. Qg2 Nf6 21. Bf2 Qf4 22. Bc5 Qd2 23. Bxf8 Rxf8 24. d6 Qxd6 25. Nd5 e4 26. Rad1 Qe5 27. b3 f4 28.
Qh3 f3 29. Bxf3 exf3 30. Rxf3 Qg5+ 31. Rg3 Nfg4 32. Qg2 c6 33. Nb4 Qc5+ 34. Kh1 Nf2+ 35. Kh2 Qh5+ 36. Kg1 Qxd1+ 37. Kh2 Nhg4+ 38. Rxg4 Nxg4+ 0-1

[Event "Early-Titled-Tuesday-Blitz-August-29-2023"]
[Site "Chess.com"]
[Date "2023.08.29"]
[Round "8"]
[White "TosicSrecko"]
[Black "hakanazeri2"]
[Result "1-0"]
[WhiteElo "2329"]
[BlackElo "2671"]
[TimeControl "180+1"]
[EndTime "9:27:13 PDT"]
[Termination "TosicSrecko won on time"]

1. e4 Nf6 2. e5 Nd5 3. Nc3 Nxc3 4. bxc3 d5 5. d4 c5 6. Rb1 Nc6 7. Nf3 e6 8. Bd3 Bd7 9. Rxb7 cxd4 10. cxd4 Nb4 11.
O-O Qc8 12. Rxb4 Bxb4 13. Ng5 Be7 14. Nxh7 g6 15. Ng5 Rh5 16. Qg4 Bxg5 17. Bxg5 Qb7 18. Bf6 Bb5 19. Rb1 a6 20. a4 Kf8 21. axb5 axb5 22.
h3 b4 23. Qd1 Ra3 24. Ra1 Qa7 25.
Rb1 Qb7 26. Qd2 Ra4 27. Kh2 Kg8 28. Qe2 Ra3 29. Qd2 Ra4 30. Qe1 Rh6 31. Bg5 Rh5 32. Bd2 Kg7 33. Rxb4 Rxb4 34. Bxb4 Rh8 35. c3 Ra8 36.
Qe3 Ra2 37. Qg5 Kg8 38. Be7 Qd7 39. Bf6 Rxf2 40. Qh6 1-0

[Event "Early-Titled-Tuesday-Blitz-August-29-2023"]
[Site "Chess.com"]
[Date "2023.08.29"]
[Round "8"]
[White "ChessicallyInclined"]
[Black "Herzog2012"]
[Result "0-1"]
[WhiteElo "2667"]
[BlackElo "2440"]
[TimeControl "180+1"]
[EndTime "9:27:14 PDT"]
[Termination "Herzog2012 won by checkmate"]

1. b3 e5 2. Bb2 Nc6 3. e3 Nf6 4. Nf3 Bd6 5. Na3 O-O 6. Nc4 Re8 7. Nxd6 cxd6 8. Be2 b6 9. O-O Bb7 10. d4 a5 11. a4 Rc8 12. Ba3 Nb4 13. Bxb4 axb4 14. Bc4 d5 15. Bb5 e4 16. Ne1 Rc3 17.
Qd2 Bc6 18. Be2 Qc7 19. g3 d6 20. Ng2 Bd7 21. Nf4 Rxc2 22. Qxb4 Rc8 23. Ba6 Ra8 24. Bb5 Bg4 25. Qa3 g5 26. Ng2 Rc8 27. b4 Qb7 28. Rfc1 R8c3 29. Qxc3 Rxc3 30. Rxc3 h5 31. Bf1 h4 32. a5 bxa5 33. bxa5 hxg3 34. fxg3 Bh3 35. a6 Qb2 36. Rcc1 Ng4 37. a7 Qf2+ 38. Kh1 Bxg2+ 39.
Bxg2 Qxe3 40. a8=Q+ Kg7 41. Qxd5 Nf2+ 42. Kg1 Nh3+ 43.
Kh1 Qg1+ 44. Rxg1 Nf2# 0-1

[Event "Early-Titled-Tuesday-Blitz-August-29-2023"]
[Site "Chess.com"]
[Date "2023.08.29"]
[Round "8"]
[White "Mr_November18"]
[Black "gm_rashid"]
[Result "0-1"]
[WhiteElo "1924"]
[BlackElo "2386"]
[TimeControl "180+1"]
[EndTime "9:27:15 PDT"]
[Termination "gm_rashid won by resignation"]

1. e4 e6 2. d4 d5 3. Nc3 Nf6 4. Bg5 Be7 5. e5 Nfd7 6. Bxe7 Qxe7 7. f4 a6 8. Nf3 c5 9. Ne2 Nc6 10. c3 b5 11. g3 Bb7 12. Bg2 Nb6 13. O-O O-O 14.
h3 cxd4 15. Nexd4 Nc4 16. Qe2 Rac8 17. Kh2 b4 18. b3 Nb6 19. cxb4 Qxb4 20. Qe3 Nxd4 21.
Qxd4 Qxd4 22. Nxd4 Rc3 23. Rac1 Rfc8 24. Rxc3 Rxc3 25.
Rf2 Nd7 26. Rc2 Rxc2 27. Nxc2 Kf8 28. Kg1 Ke7 29. Kf2 Nc5 30. Nd4 f6 31. exf6+ gxf6 32.
Ke3 Kd6 33. Bf1 Bc8 34. g4 e5 35. fxe5+ fxe5 36. Nf5+ Bxf5 37. gxf5 d4+ 38. Kd2 e4 39. b4 Na4 40. Bxa6 Ke5 41. Bc8 e3+ 42. Kd3 Nb2+ 43.
Ke2 Kf4 44. f6 d3+ 45. Kf1 e2+ 46. Ke1 Ke3 0-1

[Event "Early-Titled-Tuesday-Blitz-August-29-2023"]
[Site "Chess.com"]
[Date "2023.08.29"]
[Round "8"]
[White "Kotofeyca"]
[Black "knightinshiningarmour16"]
[Result "1-0"]
[WhiteElo "2403"]
[BlackElo "2119"]
[TimeControl "180+1"]
[EndTime "9:27:15 PDT"]
[Termination "Kotofeyca won by checkmate"]

1. d4 Nf6 2. c4 e6 3. Nf3 Bb4+ 4.
Nbd2 c5 5. a3 Bxd2+ 6. Qxd2 cxd4 7. Nxd4 Nc6 8. g3 Nxd4 9. Qxd4 d6 10. Bg2 O-O 11. O-O Qc7 12. Rd1 Bd7 13. b3 Ne8 14.
Bf4 e5 15. Bxe5 dxe5 16. Qxd7 Qb6 17. b4 Rb8 18. c5 Qa6 19. e3 Nf6 20. Qf5 Rfe8 21.
Rd6 Qe2 22. Rad1 e4 23. Bf1 Qc2 24. g4 h6 25. h4 b6 26. g5 hxg5 27. hxg5 Nh5 28.
R6d2 Qb3 29. c6 g6 30. Qd5 Qxa3 31. c7 Rbc8 32. Rc2 Qxb4 33. Ba6 Qe7 34. Bxc8 Rxc8 35. Qd8+ Rxd8 36.
cxd8=Q+ Qxd8 37. Rxd8+ Kg7 38. Rd7 a5 39. Rcc7 a4 40.
Rxf7+ Kg8 41. Rfd7 Kf8 42. Rc8# 1-0

[Event "Early-Titled-Tuesday-Blitz-August-29-2023"]
[Site "Chess.com"]
[Date "2023.08.29"]
[Round "8"]
[White "FormerProdigy"]
[Black "MatyChess1"]
[Result "1-0"]
[WhiteElo "2876"]
[BlackElo "2684"]
[TimeControl "180+1"]
[EndTime "9:27:16 PDT"]
[Termination "FormerProdigy won on time"]

1. Nf3 d5 2. e3 Nf6 3. c4 e6 4. b3 c6 5. Bb2 Nbd7 6. Qc2 Bd6 7. d4 O-O 8. Nbd2 Qe7 9. Be2 b6 10. O-O Bb7 11. a4 a5 12. Rad1 Rac8 13. e4 dxe4 14. Nxe4 Nxe4 15. Qxe4 Nf6 16. Qh4 c5 17. d5 exd5 18. Bxf6 Qxf6 19. Qxf6 gxf6 20. cxd5 Rfe8 21.
Bc4 Re4 22. Rfe1 Rce8 23. Rxe4 Rxe4 24. g3 Kf8 25. Bd3 Rb4 26. Bc4 Bc8 27. Ne1 Bf5 28.
Nd3 Bxd3 29. Rxd3 Ke7 30. f4 Kf8 31. Kg2 Ke7 32. Re3+ Kf8 33. Kh3 f5 34. Kh4 Be7+ 35. Kh5 b5 36. Bxb5 Rd4 37. Re5 Rd2 38. Rxf5 Rxh2+ 39. Kg4 Rd2 40. Rh5 Kg7 41. Bc4 Bf6 42. Kf5 Rg2 43. Rxh7+ 1-0

[Event "Early-Titled-Tuesday-Blitz-August-29-2023"]
[Site "Chess.com"]
[Date "2023.08.29"]
[Round "8"]
[White "Good_Knight_Kiss"]
[Black "stasOR4ik"]
[Result "1-0"]
[WhiteElo "2382"]
[BlackElo "2473"]
[TimeControl "180+1"]
[EndTime "9:27:16 PDT"]
[Termination "Good_Knight_Kiss won on time"]

1. e4 c6 2. d4 d5 3. e5 c5 4.
dxc5 e6 5. a3 Bxc5 6. Qg4 Ne7 7.
Nf3 h5 8. Qxg7 Ng6 9. Bd3 Bf8 10.
Qf6 Be7 11. Qg7 Bf8 12. Qf6 Qxf6 13. exf6 Nd7 14. Bg5 Bh6 15. h4 e5 16. Bxg6 fxg6 17. Nc3 e4 18. Nd4 Nb6 19. a4 a5 20. Ndb5 Kf7 21. O-O-O Be6 22. Nc7 Rac8 23. N7xd5 Bxd5 24. Nxd5 Nxa4 25. Rd4 Nc5 26. Kb1 Ne6 27. Rxe4 Bxg5 28. hxg5 Rc5 29. c4 Rhc8 30. Rhe1 Nxg5 31. Re7+ Kf8 32.
Nb6 R8c7 33. Nd7+ Rxd7 34. Rxd7 Rxc4 35. Rxb7 Ne4 36. Rd1 Nxf6 37. Rd8+ Ne8 38. Rdd7 Rf4 39. f3 h4 40. Rh7 1-0

[Event "Early-Titled-Tuesday-Blitz-August-29-2023"]
[Site "Chess.com"]
[Date "2023.08.29"]
[Round "8"]
[White "bazar-wokzal"]
[Black "workhard91"]
[Result "1-0"]
[WhiteElo "2602"]
[BlackElo "2458"]
[TimeControl "180+1"]
[EndTime "9:27:17 PDT"]
[Termination "bazar-wokzal won on time"]

1. e4 c5 2. c3 Nf6 3. e5 Nd5 4. d4 cxd4 5. cxd4 d6 6. Bc4 e6 7. Nf3 Nc6 8. O-O Be7 9. Qe2 O-O 10. Qe4 Ndb4 11. Bb3 dxe5 12. dxe5 Qd3 13. Re1 Qxe4 14. Rxe4 Nd3 15. Nc3 Rd8 16. Bc4 Nxc1 17. Rxc1 b6 18. Ree1 Bb7 19. Kf1 Nd4 20. Nxd4 Rxd4 21. Be2 Rd2 22.
Red1 Rad8 23. Rxd2 Rxd2 24. Rd1 Rxd1+ 25. Bxd1 Bc5 26. f4 Bd4 27. g3 g5 28. fxg5 Bxe5 29. Ke2 Kg7 30. Bc2 a6 31. Ke3 b5 32. a3 Bc6 33. Nd1 a5 34. Bd3 b4 35. axb4 axb4 36.
b3 Bd5 37. Bc2 Bg2 38. Nf2 Bc7 39. Ne4 Bb6+ 40. Kf4 1-0

[Event "Early-Titled-Tuesday-Blitz-August-29-2023"]
[Site "Chess.com"]
[Date "2023.08.29"]
[Round "8"]
[White "DKmirl"]
[Black "KVAIDAN"]
[Result "1-0"]
[WhiteElo "2259"]
[BlackElo "2362"]
[TimeControl "180+1"]
[EndTime "9:27:18 PDT"]
[Termination "DKmirl won by resignation"]

1. d4 e6 2. Nf3 f5 3. g3 Nf6 4. Bg2 d6 5. O-O Be7 6. c4 O-O 7.
Nc3 a5 8. Qc2 Nc6 9. Rb1 e5 10.
e3 e4 11. Nd2 Qe8 12. a3 Qh5 13. Nd5 Bd8 14. b4 axb4 15. axb4 Ng4 16. h3 Nf6 17. b5 Ne7 18. Nf4 Qe8 19. c5 g5 20.
Ne2 d5 21. Qb3 Be6 22. Nc3 Ng6 23. Ba3 Be7 24. Ra1 f4 25. Ndxe4 Nxe4 26. Bxe4 Bxh3 27. Bxd5+ Kh8 28. Bg2 Bxg2 29. Kxg2 f3+ 30. Kg1 Qd7 31. Kh2 Qg4 32. Rh1 Nf4 33. exf4 gxf4 34. Ne4 Bh4 35. Bb2 fxg3+ 36. Nxg3 Bxg3+ 37. fxg3 Qh5+ 38. Kg1 f2+ 39. Kg2 f1=Q+ 40. Rhxf1 Rxf1 41. Rxf1 Qe2+ 42. Rf2 Qe4+ 43. Qf3 Qxf3+ 44. Rxf3 Ra2 45. Rf2 Kg8 46. d5 c6 47.
dxc6 bxc6 48. bxc6 Ra6 49. c7 Rc6 50. Be5 Rxc7 51.
Bxc7 1-0

[Event "Early-Titled-Tuesday-Blitz-August-29-2023"]
[Site "Chess.com"]
[Date "2023.08.29"]
[Round "8"]
[White "ItsCheckM8Mate"]
[Black "ferrufino64"]
[Result "1-0"]
[WhiteElo "2348"]
[BlackElo "2104"]
[TimeControl "180+1"]
[EndTime "9:27:19 PDT"]
[Termination "ItsCheckM8Mate won on time"]

1. d4 d5 2. Nc3 Nf6 3. Bf4 e6 4. e3 Bd6 5. Nf3 O-O 6. Ne5 c5 7. Qd2 b6 8. Bd3 Bb7 9. O-O Nc6 10. Bg3 Nb4 11. Be2 Rc8 12. Nb5 Bb8 13. c3 Nc6 14. f3 a6 15. Na3 Nh5 16. f4 Nxg3 17. hxg3 f6 18. Nxc6 Rxc6 19. Rad1 Rc8 20. Nc2 e5 21. dxe5 fxe5 22. Bf3 e4 23. Bg4 Rf6 24. Bxc8 Qxc8 25.
c4 d4 26. exd4 cxd4 27. Qxd4 Bd6 28. Ne3 Bc5 29. Qd8+ Rf8 30. Qd2 Qg4 31. b4 Bxe3+ 32. Qxe3 h5 33. Rd6 h4 34. gxh4 Qxh4 35. Rxb6 Ba8 36. Rg6 Rf5 37. Rxa6 Bb7 38. Rb6 Rf7 39. c5 Qd8 40. c6 Bc8 41. Rb8 Qc7 42. Qb6 Qd6 43. Rxc8+ Kh7 44. Qe3 Re7 45. c7 Kg6 46. Rc1 Qd3 47. Qxd3 exd3 48. Rd8 Rxc7 49. Rxc7 1-0

[Event "Early-Titled-Tuesday-Blitz-August-29-2023"]
[Site "Chess.com"]
[Date "2023.08.29"]
[Round "8"]
[White "VladimirKramnik"]
[Black "LionTheLeon_06"]
[Result "1-0"]
[WhiteElo "2952"]
[BlackElo "2776"]
[TimeControl "180+1"]
[EndTime "9:27:20 PDT"]
[Termination "VladimirKramnik won by resignation"]

1. e4 c6 2. d4 d5 3. Nd2 dxe4 4. Nxe4 Nd7 5. c3 Ngf6 6. Bd3 Nxe4 7. Bxe4 Nf6 8. Bc2 Bg4 9. f3 Bh5 10. Ne2 Bg6 11. Bb3 e6 12. Bf4 Bd6 13. Qd2 a5 14. a4 Nd5 15. Bxd6 Qxd6 16. h4 h6 17. O-O-O O-O 18. g4 b5 19. h5 Bh7 20. g5 bxa4 21.
Bxa4 Nb6 22. gxh6 f6 23. hxg7 Rf7 24. Bc2 Rxg7 25. Rdg1 Ra7 26. Bxh7+ Kxh7 27. Rg6 Nd5 28. Rhg1 Qf8 29. Nf4 Nxf4 30. Qxf4 f5 31. Qh6+ Kg8 32.
Rxg7+ Rxg7 33. Qxe6+ Kh7 34. Rxg7+ Qxg7 35. Qg6+ Qxg6 36.
hxg6+ Kxg6 37. Kd2 Kg5 38. Ke3 Kg6 39. Kf4 Kf6 40. c4 a4 41. d5 c5 42. d6 Ke6 43.
d7 Kxd7 44. Kxf5 Kc6 45. Ke5 Kb6 46. Kd5 1-0

[Event "Early-Titled-Tuesday-Blitz-August-29-2023"]
[Site "Chess.com"]
[Date "2023.08.29"]
[Round "8"]
[White "Beca95"]
[Black "Kildepiotr"]
[Result "1-0"]
[WhiteElo "2956"]
[BlackElo "2666"]
[TimeControl "180+1"]
[EndTime "9:27:20 PDT"]
[Termination "Beca95 won by checkmate"]

1. a4 d5 2. h4 c5 3. Nc3 Nc6 4. d3 e5 5. e4 d4 6. Nd5 Be6 7. g3 Bxd5 8. exd5 Qxd5 9. Nf3 Nf6 10. Bg2 Qd7 11. O-O Bd6 12. Bg5 h6 13. Bxf6 gxf6 14. Nd2 f5 15. Qh5 Ne7 16. Rae1 O-O-O 17. Nc4 f6 18. Bh3 Kb8 19. b3 Bc7 20. Kh2 Rdf8 21. Re2 Qe8 22. Qxe8+ Rxe8 23. h5 Rhg8 24. Rfe1 Rg5 25.
f4 Rxh5 26. fxe5 Nd5 27. exf6 Rxe2+ 28. Rxe2 Nxf6 29. Re6 Ng4+ 30. Kg2 b6 31. Bxg4 fxg4 32. Rg6 Rg5 33. Rxh6 Rg7 34. Nd2 Kb7 35. Ne4 Rg8 36. Re6 Rg7 37. Rf6 Be5 38. Rf5 Bc7 39. Rh5 Ka6 40.
b4 cxb4 41. Rb5 Bb8 42. Rxb4 Rc7 43. Rb2 Re7 44. Ra2 Ka5 45. Kf2 Rf7+ 46. Ke2 Rf3 47. Nd2 Rxg3 48. Nc4+ Kb4 49. Rb2+ Kc3 50. a5 Rg2+ 51.
Kd1 Rg1+ 52. Ke2 Rg2+ 53. Kd1 Bg3 54. Rb3# 1-0

[Event "Early-Titled-Tuesday-Blitz-August-29-2023"]
[Site "Chess.com"]
[Date "2023.08.29"]
[Round "8"]
[White "mistrzemi"]
[Black "JiiHart"]
[Result "1/2-1/2"]
[WhiteElo "2383"]
[BlackElo "2107"]
[TimeControl "180+1"]
[EndTime "9:27:20 PDT"]
[Termination "Game drawn - insufficient material"]

1. e4 c5 2. Nc3 e6 3. Nf3 d5 4.
d4 dxe4 5. Nxe4 Nf6 6. Bg5 Be7 7. Nxf6+ Bxf6 8. Bxf6 Qxf6 9. Bb5+ Bd7 10. Bxd7+ Nxd7 11. O-O O-O 12. c3 Rfd8 13. Qe2 cxd4 14. Nxd4 a6 15. Qf3 Qxf3 16. Nxf3 Nb6 17. Rfd1 Kf8 18. Kf1 Ke7 19. Ke2 Rxd1 20. Rxd1 Rd8 21. Rxd8 Kxd8 22. Kd3 Kd7 23. Kd4 f6 24. Kc5 Na4+ 25. Kb4 Nxb2 26. Ne1 Kc6 27.
Kb3 Nd1 28. f3 Ne3 29. c4 Kc5 30. Nd3+ Kd4 31. Nf4 Ke5 32. g3 g5 33. Ne2 h5 34.
Kb4 b6 35. c5 Nd5+ 36. Kc4 Ne3+ 37. Kb4 Nc2+ 38. Kc4 bxc5 39. Kxc5 h4 40. Kb6 hxg3 41.
hxg3 f5 42. Kxa6 Nb4+ 43. Kb5 Nxa2 44. Kc4 g4 45. fxg4 fxg4 46. Kb3 Ke4 47. Kxa2 Kf3 48. Nd4+ Kxg3 49. Nxe6 Kf2 50. Ng5 g3 51. Ne4+ Kf3 52. Nxg3 1/2-1/2

[Event "Early-Titled-Tuesday-Blitz-August-29-2023"]
[Site "Chess.com"]
[Date "2023.08.29"]
[Round "8"]
[White "ViktoriyaTarasova"]
[Black "DanilNajdin"]
[Result "1-0"]
[WhiteElo "2421"]
[BlackElo "2522"]
[TimeControl "180+1"]
[EndTime "9:27:21 PDT"]
[Termination "ViktoriyaTarasova won on time"]

1. d4 d5 2. c4 c6 3. Nf3 e6 4. e3 f5 5. Bd3 Bd6 6. O-O Nh6 7. b3 Qe7 8. a4 a5 9. Bb2 Nd7 10. Ne5 Bxe5 11. dxe5 Ng4 12. Ba3 Qh4 13.
h3 Ngxe5 14. cxd5 exd5 15. Bxf5 Nf6 16. Bxc8 Rxc8 17. Nd2 Kf7 18. Bd6 Ned7 19. Nf3 Qh5 20. Qe2 Ne4 21. Ne5+ Qxe5 22. Bxe5 Nxe5 23. Qc2 Rhe8 24.
Rfd1 Kg8 25. Rab1 b6 26. Kh2 Nd6 27. f3 Nef7 28. Qd2 Nf5 29. Re1 Ne5 30. e4 Ne7 31. exd5 Nxd5 32. f4 Ng6 33. Rxe8+ Rxe8 34. f5 Ngf4 35.
Re1 Rf8 36. g4 h5 37. Kg3 b5 38. axb5 cxb5 39. Re4 g5 40. fxg6 h4+ 41. Kh2 1-0

[Event "Early-Titled-Tuesday-Blitz-August-29-2023"]
[Site "Chess.com"]
[Date "2023.08.29"]
[Round "8"]
[White "jcibarra"]
[Black "rasmussvane"]
[Result "0-1"]
[WhiteElo "2881"]
[BlackElo "2979"]
[TimeControl "180+1"]
[EndTime "9:27:22 PDT"]
[Termination "rasmussvane won by resignation"]

1. e4 c6 2. Nf3 d5 3. d3 dxe4 4.
dxe4 Qxd1+ 5. Kxd1 Nf6 6. Nbd2 g6 7. Ne5 Be6 8. f3 Nfd7 9. Nxd7 Nxd7 10. Bc4 Nc5 11. Bxe6 Nxe6 12. Nb3 O-O-O+ 13. Ke2 h5 14. c3 Bh6 15. g3 Bxc1 16. Raxc1 h4 17. Kf2 Rh5 18. Kg2 a5 19. a4 Nc5 20. g4 Nxb3 21. gxh5 Nxc1 22. Rxc1 Rd2+ 23. Kh3 gxh5 24. b4 b6 25. bxa5 bxa5 26. Rg1 Rf2 27. Rg5 Rxf3+ 28. Kxh4 Rxc3 29. Rxa5 Kd7 30. Rxh5 Rc4 31. a5 Rxe4+ 32.
Kg5 c5 33. Kh6 Kd6 34. Kg7 Ra4 35. Kxf7 e5 36. Kf6 Rf4+ 37. Rf5 Rh4 38. a6 Rxh2 39. a7 Rh8 40. Rxe5 Rf8+ 41. Kg7 Ra8 42. Re1 Rxa7+ 43. Kf6 Kd5 44. Rd1+ Ke4 45. Rc1 Ra6+ 46. Kg5 Rc6 47. Rc4+ Kd3 48. Ra4 c4 49. Ra6 Rxa6 0-1